 Dungeon Sprint DCSS version 0.15-a0-1224-g3833f9c (webtiles) character file.

1183 Infinimo the Severer (level 8, -2/66 HPs)
             Began as a Minotaur Gladiator on June 1, 2014.
             Was an Elder of Cheibriados.
             Killed from afar by a deep elf conjurer (33 damage)
             ... with a bolt of negative energy
             ... in the Dungeon (Sprint V: "Ziggurat Sprint").
             The game lasted 00:03:25 (578 turns).

Infinimo the Severer (Minotaur Gladiator)            Turns: 578, Time: 00:03:25

HP  -2/66        AC 19     Str 27      XL: 8   Next: 19%
MP  12/12        EV  3     Int 28      God: Cheibriados [****..]
Gold 0           SH  0     Dex 21      Spells:  0 memorised, 14 levels left

rFire  . . .     SeeInvis .     l - +5 executioner's axe (freeze)
rCold  . . .     Clarity  .     I - +5 crystal plate armour
rNeg   . . .     rCorr    .     (no shield)
rPois  .         rRot     .     c - +0 hat
rElec  .         Spirit   .     (no cloak)
SustAb .         Warding  .     (no gloves)
rMut   .         Stasis   +     (no boots)
Gourm  .                        L - amulet "Vaiwk" {Stasis Str-1 Dam+6}
MR     .....                    F - +6 ring of intelligence
                                E - +6 ring of intelligence

@: drained, very slow, not resistant to hostile enchantments, extremely
unstealthy
A: retaliatory headbutt, horns 2
a: Bend Time, Temporal Distortion, Slouch, Renounce Religion


You were in the Dungeon.
You worshipped Cheibriados.
Cheibriados was greatly pleased with you.
You were not hungry.

You visited 1 branch

Inventory:

Hand weapons
 l - a +5,+5 executioner's axe of freezing (weapon)
Missiles
 d - 3 throwing nets (quivered)
Armour
 c - a +0 hat (worn)
 I - a +5 crystal plate armour (worn)
Magical devices
 y - a wand of disintegration (7)
Comestibles
 a - 42 fruits
 f - 5 bread rations
 m - 4 meat rations
 J - a rotting chunk of ball python flesh
Scrolls
 b - a scroll of brand weapon
 k - 4 scrolls of blinking
 n - 4 scrolls of amnesia
 o - 3 scrolls of recharging
 p - 7 scrolls of fog
 q - a scroll of holy word
 r - 5 scrolls of identify
 s - 5 scrolls of remove curse
 t - 2 scrolls of fear
Jewellery
 C - a +6 ring of dexterity
 D - a +6 ring of dexterity
 E - a +6 ring of intelligence (left hand)
 F - a +6 ring of intelligence (right hand)
 G - a +6 ring of strength
 H - a +6 ring of strength
 L - the amulet "Vaiwk" (around neck) {Stasis Str-1 Dam+6}
   (You acquired it in the Dungeon)

   [amulet of stasis]

   It prevents you from being teleported, slowed, hasted or paralysed.
   It affects your strength (-1).
   It affects your damage with ranged weapons and melee attacks (+6).
Potions
 e - 10 potions of curing
 g - 10 potions of heal wounds
 h - 6 potions of haste
 i - 7 potions of magic
 j - 3 potions of berserk rage
 u - 2 potions of brilliance
 v - 2 potions of invisibility
 w - 2 potions of restore abilities
 x - 4 potions of resistance
 z - a potion of experience
 A - 5 potions of agility
 B - 6 potions of might
Books
 K - a book of Unlife

   Spells                             Type                      Level
   Recall                             Summoning/Translocation      3
   Animate Dead                       Necromancy                   4
   Control Undead                     Necromancy                   4
   Twisted Resurrection               Necromancy                   5
   Death Channel                      Necromancy                   6
   Simulacrum                         Ice/Necromancy               6


   Skills:
 - Level 4.2(3.5) Fighting
 * Level 18.2(17.2) Axes
 - Level 3.5(2.8) Throwing
 - Level 4.6(4.0) Dodging
 - Level 3.8(3.1) Spellcasting


You had 14 spell levels left.
You didn't know any spells.

Dungeon Overview and Level Annotations

Branches:
Dungeon (1/1)

Altars:
Ashenzari
Cheibriados
Dithmenos
Elyvilon
Fedhas
Gozag
Kikubaaqudgha
Makhleb
Nemelex Xobeh
Okawaru
Qazlal
Sif Muna
Trog
Vehumet
Xom
Yredelemnul
Zin
The Shining One
Beogh
Jiyva
Lugonu


Innate Abilities, Weirdness & Mutations

You reflexively headbutt those who attack you in melee.
You have a pair of horns on your head.


Message History

L - the amulet "Vaiwk" (around neck) {Stasis Str-1 Dam+6} Put on which piece of jewellery? (? for menu, Esc to quit)
You don't have any such object.
Put on which piece of jewellery? (? for menu, Esc to quit)
You feel clever.
E - a +6 ring of intelligence (left hand) Put on which piece of jewellery? (? for menu, Esc to quit)
You feel clever.
F - a +6 ring of intelligence (right hand)
Okay, then.
Your surroundings seem different!
Welcome to arena 5.
A deep elf mage, a deep elf summoner and 2 deep elf conjurers come into view.
The deep elf mage shouts!
The deep elf conjurer shouts!
The deep elf summoner shouts!
The deep elf conjurer shouts!
The deep elf conjurer casts a spell at you.
The bolt of lightning hits you! x2
The deep elf conjurer casts a spell at you.
The bolt of negative energy hits you!
You feel drained.
Ouch! That really hurt!
You die...

▓.....▓.....▓.....▓
▓.....▓.....▓▓▓▓▓▓▓
▓▓▓▓▓▓▓▓▓▓▓▓▓▓▓▓▓▓▓
▓..8©8...▓..8©8...▓
▓..).)...▓..)}=...▓
▓........▓..Pe[...▓
▓........▓...ee...▓
▓........▓...e....▓
▓.▓%)).▓.▓...@....▓
▓........▓........▓
▓▓▓▓▓▓▓▓▓▓▓▓▓▓▓▓▓▓▓


You could see a deep elf summoner, 2 deep elf conjurers and a deep elf mage.

Vanquished Creatures
  2 two-headed ogres (D)
  A troll (D)
  A tarantella (D)
  2 nagas (D)
  An ogre (D)
  A scorpion (D)
  A crimson imp (D)
  A quasit (D)
  An adder (D)
  A giant mite (D)
  A ball python (D)
13 creatures vanquished.

Notes
Turn   | Place    | Note
--------------------------------------------------------------
     0 | D        | Infinimo, the Minotaur Gladiator, began the quest for the Orb.
     0 | D        | Reached XP level 1. HP: 18/18 MP: 1/1
     0 | D        | Found a roughly hewn altar of Beogh.
     0 | D        | Found an ancient bone altar of Kikubaaqudgha.
     1 | D        | Found a basalt altar of Yredelemnul.
     1 | D        | Found an iron altar of Okawaru.
     3 | D        | Found a radiant altar of Vehumet.
     3 | D        | Found a shimmering altar of Xom.
     5 | D        | Found a burning altar of Makhleb.
    19 | D        | Found a deep blue altar of Sif Muna.
    20 | D        | Found a white marble altar of Elyvilon.
    21 | D        | Found a corrupted altar of Lugonu.
    21 | D        | Found a sparkling altar of Nemelex Xobeh.
    29 | D        | Found a bloodstained altar of Trog.
    54 | D        | Became a worshipper of Cheibriados the Contemplative
    94 | D        | Entered arena 1.
    94 | D        | Noticed a quasit
    94 | D        | Noticed a crimson imp
    96 | D        | Killed a quasit
    96 | D        | Reached skill level 4 in Fighting
    96 | D        | Reached skill level 5 in Axes
    96 | D        | Reached XP level 2. HP: 24/27 MP: 1/1
    97 | D        | Killed a crimson imp
    97 | D        | Reached skill level 7 in Axes
    97 | D        | Reached XP level 3. HP: 29/33 MP: 2/2
   106 | D        | Entered arena 2.
   106 | D        | Noticed a scorpion
   106 | D        | Noticed a tarantella
   109 | D        | Killed a tarantella
   109 | D        | Reached skill level 11 in Axes
   109 | D        | Reached XP level 4. HP: 25/40 MP: 2/7
   109 | D        | Reached XP level 5. HP: 28/46 MP: 2/8
   111 | D        | Killed a scorpion
   111 | D        | Reached skill level 12 in Axes
   111 | D        | Reached XP level 6. HP: 32/52 MP: 2/10
   180 | D        | Entered arena 3.
   180 | D        | Noticed a naga
   180 | D        | Noticed a naga
   183 | D        | Killed a naga
   183 | D        | Reached skill level 14 in Axes
   185 | D        | Killed a naga
   185 | D        | Acquired Cheibriados' first power
   185 | D        | Reached XP level 7. HP: 21/59 MP: 11/11
   194 | D        | Got the +5 scale mail of the Ward {+Inv Int-1}
   397 | D        | Entered arena 4.
   397 | D        | Noticed a troll
   397 | D        | Noticed a two-headed ogre
   397 | D        | Noticed an ogre
   397 | D        | Noticed a two-headed ogre
   400 | D        | Killed a two-headed ogre
   400 | D        | Reached skill level 16 in Axes
   401 | D        | Killed a two-headed ogre
   401 | D        | Reached skill level 17 in Axes
   401 | D        | Killed a troll
   401 | D        | Reached XP level 8. HP: 42/66 MP: 12/12
   402 | D        | Killed an ogre
   402 | D        | Acquired Cheibriados' second power
   402 | D        | Reached skill level 18 in Axes
   573 | D        | Got a warped golden amulet
   574 | D        | Identified the amulet "Vaiwk" {Stasis Str-1 Dam+6} (You acquired it in the Dungeon)
   577 | D        | Entered arena 5.
   577 | D        | Noticed a deep elf mage
   577 | D        | Noticed a deep elf conjurer
   577 | D        | Noticed a deep elf summoner
   577 | D        | Noticed a deep elf conjurer
   578 | D        | Killed from afar by a deep elf conjurer

Action                   |  1- 3 |  4- 6 |  7- 9 || total
-------------------------+-------+-------+-------++-------
Melee: Executioner's axe |     5 |     6 |     4 ||    15
  Use: Scroll            |       |       |     2 ||     2
